 Dungeon Crawl Stone Soup version 0.29-a0-824-gd827844252 (webtiles) character file.

Game seed: 572145105589796568

55 lesbiats the Sneak (level 3, 15/15 HPs)
             Began as a Felid Conjurer on July 10, 2022.
             Quit the game on level 3 of the Dungeon.
             The game lasted 00:16:15 (3442 turns).

lesbiats the Sneak (Felid Conjurer)                 Turns: 3442, Time: 00:16:15

Health: 15/15      AC:  1    Str:  3    XL:     3   Next: 67%
Magic:  7/7        EV: 17    Int: 21    God:
Gold:   110        SH:  0    Dex: 14    Spells: 4/7 levels left
                                        Lives:  0   Deaths: 1

rFire   . . .      SeeInvis +   (weapon unavailable)
rCold   . . .      Faith    .   (shield unavailable)
rNeg    . . .      Spirit   .   (body armour unavailable)
rPois   .          Reflect  .   (helmet unavailable)
rElec   .          Harm     .   (cloak unavailable)
rCorr   .          Rampage  .   (gloves unavailable)
Will    .....                   (boots unavailable)
Stlth   +++.......              (no amulet)
HPRegen 0.05/turn               (no ring)
MPRegen 0.10/turn               (no ring)

@: quick
A: very small, claws 1, fangs 3, see invisible, speed 1, shaggy fur 1, stealthy
paws, no weapons or thrown items, no armour, multi-lived
a: no special abilities


You were on level 3 of the Dungeon.
You visited 1 branch of the dungeon, and saw 3 of its levels.

You collected 110 gold pieces.

Inventory:

Armour
 g - the +18 Lear's hauberk
   (You found it on level 2 of the Dungeon)
Jewellery
 e - an amulet of guardian spirit
Scrolls
 d - 2 scrolls of identify {unknown}
Potions
 a - a potion of magic
 b - a potion of curing {unknown}
 c - 3 potions of flight {unknown}
 f - a potion of heal wounds {unknown}
 h - a potion of might {unknown}
 i - a potion of lignification {unknown}
 j - a potion of attraction {unknown}


   Skills:
 + Level 1.3 Fighting
 + Level 3.5 Dodging
 + Level 4.2 Stealth
 + Level 2.6 Spellcasting
 * Level 4.2 Conjurations


You had 4 spell levels left.
You knew the following spells:

 Your Spells              Type           Power      Damage    Failure   Level
a - Magic Dart            Conj           80%        1d7       2%          1
b - Searing Ray           Conj           40%        2d5       3%          2

Your spell library contained the following spells:

 Spells                   Type           Power      Damage    Failure   Level
 Dazzling Flash           Conj/Hex       22%        N/A       17%         3
 Call Imp                 Summ           2%         N/A       22%         2
 Mephitic Cloud           Conj/Pois/Air  8%         N/A       24%         3
 Fulminant Prism          Conj/Hex       5%         3d7       50%         4
 Iskenderun's Mystic Bla  Conj/Tloc      11%        2d4       50%         4


Dungeon Overview and Level Annotations

Branches:
Dungeon (3/15)

Altars:
Xom

Annotations:
D:3 Robin


Innate Abilities, Weirdness & Mutations

You have sharp claws.
You have razor-sharp teeth.
You have supernaturally acute eyesight. (SInv)
You cover ground quickly. (Speed+)
You are covered in fur. (AC +1)
Your paws help you pounce on unaware monsters.
You are incapable of wielding weapons or throwing items.
You cannot wear armour.
You gain extra lives every three experience levels.


Message History

Aiming: Magic Dart (safe; 2% risk of failure)
Press: ? - help, Q - select action, (/) - cycle Shift-Dir - straight line, p - Robin The hobgoblin no longer looks unusually strong.
Robin roars a battlecry!
The hobgoblin goes into a battle-frenzy!
The goblin no longer looks unusually strong.
Robin roars a battlecry!
The goblin goes into a battle-frenzy!
Casting: Magic Dart (safe; 2% risk of failure)
Confirm with . or Enter, or press ? or * to list all spells.
Aiming: Searing Ray (safe; 3% risk of failure)
Press: ? - help, Shift-Dir - straight line, f - hobgoblin
Aim: a hobgoblin (strong, 78% to hit)
The searing ray hits the hobgoblin.
You kill the hobgoblin!
The searing ray hits Robin.
Robin is moderately wounded.
The searing ray misses the hound. (Press . to maintain the ray.)
The searing ray hits Robin.
Robin is heavily wounded.
Robin says, "My goblins will feast on your bones."
Things that are here:
a +0 club; a goblin skeleton The hound attacks as you move away!
The hound bites you.
* * * LOW HITPOINT WARNING * * *
Things that are here:
a +0 club; a +0 club; a goblin skeleton
Aiming: Magic Dart (safe; 2% risk of failure)
Press: ? - help, Q - select action, (/) - cycle Shift-Dir - straight line, f - hound
Aim: a hound (100% to hit)
The magic dart hits the hound.
The hound is lightly wounded.
The hound bites you.
* * * LOW HITPOINT WARNING * * *
The hound bites you.
You die...
You are now level 3!
You rejoin the land of the living...
Are you sure you want to abandon this character and quit the game? (Confirm with "yes".)

####.#########......>..###
# #.# #....#.#..... # #.#
####.....#### # #.#
##.#.## ####.# #.†.#
))<..####### #..##
###........##### #..#
##.#####.#...###..## #.#
#......@..).#
#.#####...........#
#.................#
#######...........#
##.....#....# ##...#####.#
##.## .# #.# .# #.# .#


There were no monsters in sight!

Vanquished Creatures
  An adder (D:3)
  2 worms (D:2)
  2 dart slugs
  An orc (D:3)
  8 endoplasms
  5 giant cockroaches
  11 hobgoblins
  3 jackals (D:1)
  4 kobolds
  4 quokkas
  10 ball pythons
  8 bats
  4 frilled lizards
  14 goblins
  6 rats
83 creatures vanquished.

Notes
Turn   | Place    | Note
-------+----------+-------------------------------------------
     0 | D:1      | lesbiats the Felid Conjurer began the quest for the Orb.
     0 | D:1      | Reached XP level 1. HP: 7/7 MP: 4/4
   346 | D:1      | Reached XP level 2. HP: 12/12 MP: 1/6
   396 | D:1      | Learned a level 2 spell: Searing Ray
   855 | D:1      | Reached XP level 3. HP: 15/15 MP: 5/7
  1448 | D:2      | Found a shimmering altar of Xom.
  1454 | D:2      | Identified the +10 flail "Mirallac" {flame, rC+}
  1478 | D:2      | Reached skill level 1 in Fighting
  2099 | D:2      | Identified the +1 chain mail "Qexzotunk" {rC+ rN+}
  2227 | D:2      | Found the +18 Lear's hauberk
  2233 | D:2      | Reached XP level 4. HP: 19/19 MP: 3/8
  3369 | D:3      | Found a faded altar of an unknown god.
  3406 | D:3      | Noticed Robin
  3441 | D:3      | Slain by a hound
  3442 | D:3      | Reached XP level 3. HP: -1/15 MP: 3/7
  3442 | D:3      | Quit the game

Illustrated notes

Levels and vault maps discovered:
D:1:      mushboom_english_gardens, layout_basic
D:2:      layout_basic, basic_altar, chequers_avenue
D:3:      layout_loops_ring, chequers_ecumenical_altar_island, uniq_robin

Skill      XL: |  1  2  3 |
---------------+----------+-----
Stealth        | 3 4 |  4.2
Dodging        | 3 |  3.5
Fighting       | 1 |  1.3
Conjurations   | 4 |  4.2
Spellcasting   | |  2.6

Action                   |  1- 3 |  4- 6 || total
-------------------------+-------+-------++-------
Melee: Unarmed           |    43 |    29 ||    72
       Punch             |     1 |       ||     1
       Bite              |     3 |     4 ||     7
 Cast: Magic Dart        |    83 |    23 ||   106
       Searing Ray       |     2 |     5 ||     7
 Stab: Sleeping          |     4 |     5 ||     9
Armor: Skin              |     2 |     2 ||     4
Dodge: Dodged            |    31 |    32 ||    63

Table legend: (Time is in decaauts)
 A = Elapsed time spent in this place.
 B = Non-inter-level travel time spent in this place.
 C = Inter-level travel time spent in this place.
 D = Time resting spent in this place.
 E = Time spent auto-exploring this place.
 F = Levels seen in this place.
 G = Mean time per level.
                   A        B        C        D        E       F      G
               +--------+--------+--------+--------+--------+-----+--------+
         Total |   3110 |   2974 |    136 |   1295 |   1076 |   3 | 1036.7 |
       Dungeon |   3110 |   2974 |    136 |   1295 |   1076 |   3 | 1036.7 |
               +--------+--------+--------+--------+--------+-----+--------+

Top non-repeatable levels by time:
     D:1: 1314 daAuts
     D:2: 1311 daAuts
     D:3: 484 daAuts
